 Dungeon Sprint DCSS version bcrawl-1.14.2-1-gc900083943 (webtiles) character file.

Game seed: 164635874098081537

28 MordorOrchid the Firebug (level 2, -1/17 HPs)
             Began as a Skeleton Fire Elementalist on Sept 22, 2019.
             Was an Initiate of Gozag.
             Shot with an arrow by a deep elf archer (18 damage)
             ... in the Dungeon (Sprint V: "Ziggurat Sprint").
             The game lasted 00:02:34 (67 turns).

MordorOrchid the Firebug (Skeleton Fire Elementalist) Turns: 67, Time: 00:02:34

Health: -1/17      AC:  2    Str: 26    XL:     2   Next: 96%
Magic:  0/6        EV: 10    Int: 13    God:    Gozag
Gold:   81         SH: 27    Dex: 14    Spells: 7/8 levels left

rFire    . . .     SeeInvis +   m - +14 obsidian axe {chop, +Fly SInv *Curse} (curse)
rCold    + . .     Gourm    .   n - +18 shield of the Gong {rElec rN+ MR+ EV-5}
rNeg     + + +     Faith    .   a - +0 robe
rPois    ∞         Spirit   +   (no helmet)
rElec    +         Reflect  .   (no cloak)
rCorr    .         Harm     .   (no gloves)
MR       +....     NoTele   +   (no boots)
Stlth    +++.......             (no amulet)
HPRegen  0.05/turn              l - +6 ring of strength
MPRegen  0.10/turn              k - +6 ring of strength

@: agile, swift, flying, mesmerised, very slightly contaminated, invisible
(expiring), quick
A: no food or potions, cold resistance 1, deterioration 1, negative energy
resistance 3, torment resistance, unbreathing, magic shield, sturdy frame 1,
spell healing
a: Potion Petition, Call Merchant, Bribe Branch, Renounce Religion


You were in the Dungeon.
You worshipped Gozag.
Gozag was noncommittal.
You were not hungry.

You visited 1 branch You collected 81 gold pieces.

Inventory:

Hand Weapons
 h - the +6 Majin-Bo {vamp, *Drain Str+12 Int+24}
   (You found it in the Dungeon)

   It inflicts no extra harm, but heals its wielder when it wounds a living foe.
   It affects your strength (+12).
   It affects your intelligence (+24).
   It causes draining when unequipped.
 m - the cursed +14 obsidian axe (weapon) {chop, +Fly SInv *Curse}
   (You found it in the Dungeon)

   It inflicts extra damage upon your enemies.
   It lets you see invisible.
   It lets you fly.
   It curses itself when equipped.
   It has a curse placed upon it.
 u - the +6 short sword of the Reaper {protect, -Tele MP+9 SInv}
   (You took it off an iron imp in the Dungeon)

   It grants its wielder temporary protection when it strikes (+7 to AC).
   It affects your magic capacity (+9).
   It lets you see invisible.
   It prevents most forms of teleportation.
Armour
 a - a +0 robe (worn)
 n - the +18 shield of the Gong (worn) {rElec rN+ MR+ EV-5}
   (You found it in the Dungeon)

   It affects your evasion (-5).
   It insulates you from electricity.
   It protects you from negative energy.
   It affects your resistance to hostile enchantments.
Magical Staves
 f - an uncursed staff of energy
Jewellery
 i - a +6 ring of intelligence
 j - a +6 ring of intelligence
 k - a +6 ring of strength (right hand)
 l - a +6 ring of strength (left hand)
Wands
 b - a wand of disintegration (7)
 d - a wand of iceblast (7)
 e - a wand of acid (6)
Scrolls
 c - 4 scrolls of blinking
 o - 4 scrolls of amnesia
 p - 7 scrolls of fog
 q - a scroll of holy word
 r - 5 scrolls of identify
 s - 5 scrolls of remove curse
 t - 2 scrolls of fear
Miscellaneous
 g - a lightning rod (4/4)


   Skills:
 * Level 1.8 Fighting
 - Level 2.0 Dodging
 - Level 2.4 Stealth
 * Level 2.3 Shields
 + Level 3.9 Spellcasting
 * Level 2.9 Conjurations
 + Level 4.4 Fire Magic
 * Level 1.6 Evocations


You had 7 spell levels left.
You knew the following spells:

 Your Spells              Type           Power        Failure   Level  Hunger
a - Flame Tongue          Conj/Fire      ##...        24%         1    N/A

Your spell library contained the following spells:

 Spells                   Type           Power        Failure   Level  Hunger
 Flaming Arrows           Chrm/Fire      #.......     54%         2    N/A
 Conjure Flame            Conj/Fire      ##......     56%         3    N/A
 Inner Flame              Hex/Fire       N/A          78%         3    N/A
 Sticky Flame             Conj/Fire      ##......     93%         4    N/A
 Fireball                 Conj/Fire      ##........   100%        5    N/A

Dungeon Overview and Level Annotations

Branches:
Dungeon (1/1)

Altars:
Ashenzari
Cheibriados
Dithmenos
Elyvilon
Fedhas
Gozag
Hepliaklqana
Kikubaaqudgha
Lugonu
Makhleb
Nemelex Xobeh
Okawaru
Qazlal
Ru
Sif Muna
Trog
Uskayaw
Vehumet
Wu Jian
Xom
Yredelemnul
Zin
The Shining One
Beogh
Jiyva

Annotations:
D 1 transporter


Innate Abilities, Weirdness & Mutations

You do not eat or drink.
You are immune to poison.
Your flesh is cold resistant. (rC+)
Your body sometimes deteriorates upon taking damage.
You are immune to negative energy. (rN+++)
You are immune to unholy pain and torment.
You can survive without breathing.
When hurt, damage is shared between your health and your magic reserves.
Your movements are slightly less encumbered by armour. (ER -2)
Casting spells heals you.


Message History

You slash the deep elf archer!
The deep elf archer is moderately wounded.
The deep elf archer hits you with a +0 short sword.
The deep elf archer closely misses you.
You slice the deep elf archer!!
The deep elf archer is severely wounded.
You block the +0 long sword of slicing's attack.
GONNNNG!
You slash the +0 long sword of slicing!
The +0 long sword of slicing is heavily damaged.
Visions of slaying the +0 long sword of slicing flood into your mind.
You flicker for a moment.
The deep elf archer casts a spell at you.
You resist with some effort.
The deep elf archer unwields a +0 short sword.
The deep elf archer wields a +0 shortbow.
The deep elf archer shoots an arrow.
The arrow hits you!!
Ouch! That really hurt!
You die...
Your body crumbles into a pile of gold.

▓▓▓▓▓▓▓▓▓▓▓▓▓
▓.8©8.▓.8©8.▓
▓.[|).▓.....▓
▓.e...▓.|...▓
▓.....▓.....▓
▓.@...▓.....▓
▓.....▓..©..▓
▓(.©.(▓▓▓▓▓▓▓
▓▓▓▓▓▓▓


You could see a deep elf archer and 2 dancing weapons.

Vanquished Creatures
  An iron imp (D)
  A ball python skeleton (D)
2 creatures vanquished.

Notes
Turn   | Place    | Note
-------+----------+-------------------------------------------
     0 | D        | MordorOrchid the Skeleton Fire Elementalist began the quest
                  | for the Orb.
     0 | D        | Reached XP level 1. HP: 10/10 MP: 4/4
     0 | D        | Found a shimmering blue altar of Sif Muna.
     0 | D        | Found a bloodstained altar of Trog.
     0 | D        | Found a sacrificial altar of Ru.
     0 | D        | Found a stormy altar of Qazlal.
     0 | D        | Found an iron altar of Okawaru.
     2 | D        | Found a sparkling altar of Nemelex Xobeh.
     3 | D        | Found the +6 Majin-Bo {vamp, *Drain Str+12 Int+24}
     3 | D        | Found the +7 great mace "Firestarter" {inner flame, rF++}
     5 | D        | Found a corrupted altar of Lugonu.
     5 | D        | Found an ancient bone altar of Kikubaaqudgha.
     5 | D        | Found a burning altar of Makhleb.
     5 | D        | Found a transporter.
     5 | D        | Found a viscous altar of Jiyva.
     5 | D        | Found a hazy altar of Hepliaklqana.
    20 | D        | Found the +9 heavy crossbow "Sniper" {velocity, Acc+∞ SInv}
    20 | D        | Found the +10 dark maul {crush}
    20 | D        | Found the +15 Maxwell's patent armour {-Cast -Tele rElec
                  | MR+ rCorr}
    20 | D        | Found the +18 shield of the Gong {rElec rN+ MR+ EV-5}
    20 | D        | Found the cursed +14 obsidian axe {chop, +Fly SInv *Curse}
    22 | D        | Found an opulent altar of Gozag.
    23 | D        | Found a blossoming altar of Fedhas.
    35 | D        | Became a worshipper of Gozag Ym Sagoz the Greedy
    48 | D        | Entered arena 2.
    48 | D        | Noticed an iron imp
    48 | D        | Found a transporter.
    49 | D        | Identified the +6 short sword of the Reaper {protect, -Tele
                  | MP+9 SInv}
    50 | D        | Killed an iron imp
    50 | D        | Reached skill level 1 in Fighting
    50 | D        | Reached skill level 4 in Fire Magic
    50 | D        | Reached skill level 1 in Evocations
    50 | D        | Reached XP level 2. HP: 17/17 MP: 4/6
    59 | D        | Entered arena 3.
    59 | D        | Noticed a +1 dire flail of holy wrath
    59 | D        | Noticed a deep elf archer
    59 | D        | Noticed a +0 long sword of slicing
    59 | D        | Found a transporter.
    67 | D        | Shot with an arrow by a deep elf archer

Skill      XL: |  1 |
---------------+----+-----
Fighting       | 1 |  1.8
Shields        | 2 |  2.3
Conjurations   | 2 |  2.9
Fire Magic     | 4 |  4.4
Evocations     | 1 |  1.6
Dodging        | |  2.0
Stealth        | |  2.4
Spellcasting   | |  3.9

Action                   || total
-------------------------++-------
Melee: Broad axe         ||     5
Invok: Potion Petition   ||     1
Evoke: Wand              ||     1
Armor: Robe              ||     1
Dodge: Dodged            ||     1
Block: Shield            ||     6
